 Dungeon Crawl Stone Soup version 0.17-a0-547-g5e20af8 (webtiles) character file.

5710 inmateoo the Arsonist (level 10, -12/86 HPs)
             Began as a Hill Orc Fire Elementalist on Apr 13, 2015.
             Was a Follower of Ashenzari.
             Mangled by Snorg (29 damage)
             ... on level 10 of the Dungeon.
             The game lasted 00:17:11 (9261 turns).

inmateoo the Arsonist (Hill Orc Fire Elementalist)  Turns: 9261, Time: 00:17:11

Health: -12/86     AC:  7    Str: 14    XL:     10   Next: 76%
Magic:  0/17       EV: 13    Int: 16    God:    Ashenzari [*.....]
Gold:   203        SH:  0    Dex: 11    Spells: 4 memorised, 9 levels left

rFire  + . .     SeeInvis .     d - +3 short sword (venom)
rCold  . . .     Clarity  .     E - +1 robe of Beyond {rElec rF+ rCorr Int-2} (curse)
rNeg   . . .     SustAb   .     (no shield)
rPois  .         Gourm    .     (no helmet)
rElec  +         Spirit   +     e - +2 cloak {+Inv} (curse)
rCorr  +         Warding  .     r - +0 pair of gloves (curse)
rMut   .         Stasis   .     (no boots)
MR     +....                    w - amulet of guardian spirit
Stlth  ++........               F - ring of protection from magic
                                z - +6 ring of slaying (curse)

@: very slightly contaminated, somewhat resistant to hostile enchantments,
unstealthy
A: strong 1
a: Renounce Religion, Evoke Invisibility


You were on level 10 of the Dungeon.
You worshipped Ashenzari.
Ashenzari was aware of your devotion.
You were not hungry.

You visited 1 branch of the dungeon, and saw 10 of its levels.

You collected 554 gold pieces.
You spent 351 gold pieces at shops.

Inventory:

Hand weapons
 d - a +3 short sword of venom (weapon)
Armour
 e - a cursed +2 cloak of invisibility (worn)
 r - a cursed +0 pair of gloves (worn)
 E - the cursed +1 robe of Beyond (worn) {rElec rF+ rCorr Int-2}
   (You bought it in a shop on level 7 of the Dungeon)

   It affects your intelligence (-2).
   It protects you from fire.
   It insulates you from electricity.
   It protects you from acid and corrosion.
   It has a curse placed upon it.
 N - a +1 steam dragon armour
Jewellery
 t - an uncursed ring of sustain abilities
 w - an amulet of guardian spirit (around neck)
 z - a cursed +6 ring of slaying (left hand)
 F - a ring of protection from magic (right hand)
Magical devices
 a - a wand of random effects (28)
 i - a wand of enslavement (0)
 j - a wand of confusion (46)
 G - a wand of enslavement (18)
 H - a wand of cold (6)
 K - a wand of frost (24)
Scrolls
 f - 2 scrolls of teleportation
 l - a scroll of blinking
 x - 4 scrolls of remove curse
 y - 2 scrolls of magic mapping
 C - a scroll of fog
 I - a scroll of amnesia
 J - a scroll of recharging
 L - 3 scrolls of curse armour
Potions
 g - 2 potions of cancellation
 m - a potion of heal wounds
 n - 2 potions of invisibility
 s - a potion of agility
 u - 2 potions of curing
 v - a potion of restore abilities
 A - a potion of magic
 B - 2 potions of flight {unknown}
 D - a potion of lignification {unknown}
Books
 b - a book of Flames

   Spells                             Type                      Level
   a - Flame Tongue                   Conjuration/Fire             1
   b - Throw Flame                    Conjuration/Fire             2
   c - Conjure Flame                  Conjuration/Fire             3
   d - Inner Flame                    Hexes/Fire                   3
   e - Sticky Flame                   Conjuration/Fire             4
   f - Fireball                       Conjuration/Fire             5
Comestibles
 c - 6 bread rations
 h - 3 beef jerkies
 k - 3 slices of pizza
 p - 9 fruits
 q - 4 meat rations
 M - 3 chunks of flesh


   Skills:
 + Level 7.3 Fighting
 + Level 4.7 Armour
 + Level 3.8 Dodging
 - Level 1.5 Stealth
 + Level 5.0 Spellcasting
 + Level 6.6 Conjurations
 * Level 10.8 Fire Magic


You had 9 spell levels left.
You knew the following spells:

 Your Spells              Type           Power        Failure   Level  Hunger
a - Flame Tongue          Conj/Fire      ####.        1%          1    None
b - Throw Flame           Conj/Fire      ####..       1%          2    #......
c - Conjure Flame         Conj/Fire      ####....     1%          3    ###....
d - Sticky Flame          Conj/Fire      ####....     6%          4    ####...


Dungeon Overview and Level Annotations

Branches:
Dungeon (10/15)            Temple (0/1) D:7             Orc (0/4) D:9
   Lair: D:8-11

Altars:
Ashenzari
Cheibriados
Fedhas
Gozag
Kikubaaqudgha
Ru
Vehumet
Zin

Shops:
D:7 [

Annotations:
D:10 Snorg


Innate Abilities, Weirdness & Mutations

Your muscles are strong. (Str +2)


Message History

Aiming: Conjure Flame
Press: ? - help, Dir - move target cursor The fire roars!
Snorg burns!
Snorg rages.
Casting: Conjure Flame
Confirm with . or Enter, or press ? or * to list all spells.
You don't have enough magic to cast that spell.
Casting: Conjure Flame
Confirm with . or Enter, or press ? or * to list all spells.
Okay, then.
Snorg burns!
Snorg rages.
Casting: Conjure Flame
Confirm with . or Enter, or press ? or * to list all spells.
You don't have enough magic to cast that spell.
Snorg burns!
You hit Snorg.
Snorg looks even sicker.
Snorg is severely wounded.
Snorg burns!
Snorg is engulfed in roaring flames.
Snorg bites you!!
You die...

#.# #.# #†# #.#######.# #.#
#.........#
#######.#######...####....#
#.................# .
#.#####...........# #.#
####..##..... #.#
#).###T######.. #.# #..#
#@........ #.# ####..#
########.# #.# #.....#
##.#####.#...#
.....##.###..# .....#.##
##.# ........###.##
......##.#. #####.##..#


You could see Snorg (berserk).

Vanquished Creatures
  The ghost of abixa the Ruffian, an experienced VSTm (D:4)
  A two-headed ogre (D:8)
  A deep elf mage (D:9)
  A hungry ghost (D:7)
  Eustachio (D:6)
  A hippogriff (D:9)
  A wyvern (D:8)
  A steam dragon (D:10)
  Duvessa (D:7)
  3 ice beasts
  A wasp (D:7)
  2 orc warriors
  A sky beast (D:9)
  8 ogres
  3 phantoms
  A necrophage (D:8)
  3 centaurs
  A giant frog (D:8)
  Dowan (D:7)
  5 scorpions
  4 wights (D:6)
  5 crimson imps
  3 goliath beetles
  2 centaur zombies
  2 hounds
  A centaur skeleton (D:7)
  A gnoll shaman (D:6)
  A giant frog zombie (D:9)
  2 jellies (D:9)
  Crazy Yiuf (D:2)
  7 orc priests
  3 giant frog skeletons
  7 orc wizards
  2 iguanas
  3 worker ants
  A killer bee zombie (D:7)
  An ogre zombie (D:6)
  2 mummies
  4 gnolls (D:6)
  16 adders
  5 shadow imps
  A worm (D:2)
  An adder skeleton (D:5)
  8 giant geckos
  An ooze (D:6)
  37 orcs
  11 bats
  3 giant cockroaches
  5 goblins
  8 hobgoblins
  7 jackals
  6 quokkas
  3 giant newts
  A giant newt zombie (D:6)
  18 kobolds
  A quokka skeleton (D:8)
  14 rats
  2 ballistomycetes (D:7)
238 creatures vanquished.

Vanquished Creatures (others)
  A giant spore (D:7)
1 creature vanquished.

Grand Total: 239 creatures vanquished

Notes
Turn   | Place    | Note
--------------------------------------------------------------
     0 | D:1      | inmateoo, the Hill Orc Fire Elementalist, began the quest for the Orb.
     0 | D:1      | Reached XP level 1. HP: 14/14 MP: 3/3
   439 | D:2      | Reached XP level 2. HP: 20/20 MP: 4/4
   811 | D:2      | Reached XP level 3. HP: 26/26 MP: 5/5
   815 | D:2      | Learned a level 2 spell: Throw Flame
   821 | D:2      | Reached skill level 4 in Fire Magic
  1164 | D:2      | Learned a level 3 spell: Conjure Flame
  1424 | D:2      | Noticed Crazy Yiuf
  1442 | D:2      | Killed Crazy Yiuf
  1442 | D:2      | Reached XP level 4. HP: 33/33 MP: 0/7
  1805 | D:3      | Reached skill level 5 in Fire Magic
  1805 | D:3      | Reached XP level 5. HP: 29/38 MP: 8/8
  2478 | D:4      | Found a glowing silver altar of Zin.
  2498 | D:4      | Noticed abixa's ghost (experienced VSTm)
  2509 | D:4      | Killed abixa's ghost
  2509 | D:4      | Reached skill level 1 in Fighting
  2509 | D:4      | Reached XP level 6. HP: 36/48 MP: 2/10
  2617 | D:4      | Noticed a phantom
  2650 | D:4      | Killed a phantom
  2650 | D:4      | Reached skill level 6 in Fire Magic
  2650 | D:4      | Reached XP level 7. HP: 35/55 MP: 9/11
  2668 | D:4      | Learned a level 4 spell: Sticky Flame
  2704 | D:4      | Found a shattered altar of Ashenzari.
  2708 | D:4      | Found a snail-covered altar of Cheibriados.
  2709 | D:4      | Found a sacrificial altar of Ru.
  2709 | D:4      | Found an ancient bone altar of Kikubaaqudgha.
  2712 | D:4      | Became a worshipper of Ashenzari the Shackled
  3411 | D:5      | Entered Level 5 of the Dungeon
  4047 | D:5      | Reached skill level 7 in Fire Magic
  4298 | D:5      | Reached XP level 8. HP: 56/63 MP: 13/13
  4795 | D:6      | Reached skill level 8 in Fire Magic
  4810 | D:6      | Found a blossoming altar of Fedhas.
  5276 | D:6      | Reached skill level 5 in Conjurations
  5488 | D:6      | Reached skill level 5 in Fighting
  5488 | D:6      | Reached XP level 9. HP: 71/74 MP: 9/15
  5620 | D:6      | Noticed Eustachio
  5654 | D:6      | Killed Eustachio
  5654 | D:6      | Reached skill level 1 in Armour
  5662 | D:6      | Reached skill level 9 in Fire Magic
  6179 | D:7      | Found a staircase to the Ecumenical Temple.
  6229 | D:7      | Found an opulent altar of Gozag.
  6329 | D:7      | Found Cetoid's Armour Shop.
  6334 | D:7      | Bought the cursed +1 robe of Beyond {rElec rF+ rCorr Int-2} for 351 gold pieces
  6492 | D:7      | Noticed Duvessa
  6492 | D:7      | Noticed Dowan
  6498 | D:7      | Killed Duvessa
  6498 | D:7      | Killed Dowan
  7369 | D:8      | Reached XP level 10. HP: 82/84 MP: 10/16
  7370 | D:8      | Reached skill level 10 in Fire Magic
  7441 | D:8      | Found a radiant altar of Vehumet.
  8052 | D:9      | Found a staircase to the Orcish Mines.
  8399 | D:9      | Gained mutation: Your muscles are strong. (Str +2) [mutagenic meat]
  8552 | D:9      | Reached skill level 5 in Spellcasting
  8936 | D:10     | Entered Level 10 of the Dungeon
  9247 | D:10     | Noticed Snorg
  9261 | D:10     | Mangled by Snorg

Action                   |  1- 3 |  4- 6 |  7- 9 | 10-12 || total
-------------------------+-------+-------+-------+-------++-------
Melee: Short sword       |    69 |    86 |   535 |   166 ||   856
 Cast: Flame Tongue      |     6 |     3 |    31 |    31 ||    71
       Conjure Flame     |     1 |     2 |     9 |     5 ||    17
       Sticky Flame      |       |       |     3 |     4 ||     7
       Throw Flame       |       |       |       |     1 ||     1
  Use: Scroll            |     7 |     1 |     9 |     8 ||    25
 Stab: Sleeping          |       |       |     5 |     3 ||     8
  Eat: Chunk             |     1 |     5 |    19 |    10 ||    35
